 Dungeon Crawl Stone Soup version 0.29-a0-911-g88e6f02907 (webtiles) character file.

Game seed: 6292040963706213729

441 Aviak the Magician (level 7, -2/73 HPs)
             Began as a Djinni Ice Elementalist on July 25, 2022.
             Was a Follower of Dithmenos.
             Slain by a hobgoblin zombie (4 damage)
             ... in an ossuary.
             The game lasted 00:09:06 (3870 turns).

Aviak the Magician (Djinni Ice Elementalist)        Turns: 3870, Time: 00:09:07

Health: -2/73      AC:  3    Str: 11    XL:     7   Next: 22%
Gold:   113        EV: 12    Int: 17    God:    Dithmenos [*.....] SH:  4 Dex: 13

rFire   + + .      SeeInvis .   b - +0 falchion (flame)
rCold   x . .      Faith    .   n - +0 buckler
rNeg    . . .      Spirit   .   o - +0 leather armour
rPois   ∞          Reflect  .   (no helmet)
rElec   .          Harm     .   (no cloak)
rCorr   .          Rampage  .   (no gloves)
Will    .....                   (boots unavailable)
Stlth   ..........              (no amulet)
HPRegen 0.22/turn               (no ring)
MPRegen 0.00/turn               (no ring)

@: berserking (expiring), marked, flying, wreathed by umbra, very quick
A: sickness immunity, fire resistance 2, cold vulnerability 1, float, innate
caster, HP casting, extra vitality 1, strong 1
a: Renounce Religion


You were in an ossuary.
You worshipped Dithmenos.
Dithmenos was aware of your devotion.
You visited 1 branch of the dungeon, and saw 4 of its levels.
You also visited: Ossuary.

You collected 183 gold pieces.
You spent 70 gold pieces at shops.

Inventory:

Hand Weapons
 b - a +0 falchion of flaming (weapon)
 e - a +4 dagger of venom
Armour
 a - a +0 robe
 i - a +0 ring mail
 n - a +0 buckler (worn)
 o - a +0 leather armour (worn)
Wands
 t - a wand of polymorph (9)
Scrolls
 k - a scroll of magic mapping {unknown}
 p - a scroll of fear {unknown}
 q - a scroll of blinking {unknown}
 r - a scroll of silence {unknown}
 s - a scroll of butterflies {unknown}
Potions
 j - a potion of magic
 l - a potion of degeneration {unknown}
 m - 2 potions of mutation {!q}


   Skills:
 + Level 2.3 Fighting
 - Level 4.0 Dodging
 - Level 1.5 Stealth
 + Level 2.4 Shields
 * Level 5.0 Spellcasting


You couldn't memorise any spells.
You knew the following spells:

 Your Spells              Type           Power      Damage    Failure   Level
a - Freeze                Ice            84%        1d10      3%          1
b - Frozen Ramparts       Ice            42%        1d6       10%         3
c - Ozocubu's Armour      Ice            21%        N/A       10%         3
d - Hailstorm             Conj/Ice       21%        3d6       32%         4
e - Shock                 Conj/Air       84%        1d8       3%          1
f - Call Imp              Summ           21%        N/A       4%          2
g - Summon Guardian Gole  Hex/Summ       21%        N/A       10%         3
Your spell library was empty.

Dungeon Overview and Level Annotations

Branches:
Dungeon (4/15) Zot: 20646 Ossuary (1/1) Zot: 5472
 Temple: D:4-7

Altars:
Dithmenos
Fedhas
Ru

Shops:
D:3 ((!


Innate Abilities, Weirdness & Mutations

You are immune to sickness and miasma.
You are immune to poison.
Your flesh is very heat resistant. (rF++)
You are vulnerable to cold. (rC-)
You float through the air rather than walking.
You learn spells naturally, not from books.
Your magical power is your life essence.
You have superior vitality. (+4 MHP)
Your muscles are strong. (Str +4, Int/Dex -1)


Message History

Dithmenos accepts your kill.
You hit the kobold zombie but do no damage.
The kobold zombie is severely damaged.
You block the kobold zombie's attack.
You slash the kobold zombie! You burn the kobold zombie.
You destroy the kobold zombie!
Dithmenos accepts your kill.
You slash the elf zombie! You burn the elf zombie.
The elf zombie is almost destroyed.
The elf zombie hits you.
* * * LOW HITPOINT WARNING * * *
Unknown command.
You barely miss the elf zombie.
The elf zombie is almost destroyed.
The elf zombie hits you.
* * * LOW HITPOINT WARNING * * *
Unknown command.
You hit the elf zombie. You burn the elf zombie.
The elf zombie is almost destroyed.
You block the elf zombie's attack.
You barely miss the elf zombie.
The elf zombie is almost destroyed.
The elf zombie hits you!
* * * LOW HITPOINT WARNING * * *
Unknown command.
It was a potion of berserk rage.
A red film seems to cover your vision as you go berserk!
You feel yourself moving faster!
You feel mighty! The elf zombie closely misses you.
You slash the elf zombie! You burn the elf zombie.
You destroy the elf zombie!
Dithmenos accepts your kill.
Your Spellcasting skill increases to level 5!
You barely miss the hobgoblin zombie.
The hobgoblin zombie closely misses you.
You barely miss the hobgoblin zombie. You hit the hobgoblin zombie.
You burn the hobgoblin zombie.
The hobgoblin zombie is almost destroyed.
The hobgoblin zombie hits you.
You die...

######################
#....................#
#....................#
#........8.Z8@.......#
#..........ZZ........#
#...######.Z######...#
#...# #..# #...# #...#
#..# #...#
#...#.####..####.#...#
#...#.........Z..#...#
#...#.......####.#...#
#...#.......# #...#


You could see 2 hobgoblin zombies, a kobold zombie and an orc zombie.

Vanquished Creatures
  An ogre (D:4)
  An elf zombie (Ossuary)
  Ijyb (D:4)
  2 orc wizards (D:3)
  2 mummies (Ossuary)
  7 adders
  A worm zombie (D:4)
  A dart slug (D:1)
  2 orcs (D:3)
  9 bats
  3 endoplasms
  2 giant cockroaches
  8 goblins
  7 hobgoblins
  2 jackals (D:1)
  6 kobolds
  2 quokkas
  10 ball pythons
  4 frilled lizards
  4 goblin zombies (Ossuary)
  11 hobgoblin zombies (Ossuary)
  3 kobold zombies (Ossuary)
  11 orc zombies (Ossuary)
  6 rats
  2 rat zombies (Ossuary)
108 creatures vanquished.

Vanquished Creatures (collateral kills)
  A human zombie (Ossuary)
1 creature vanquished.

Grand Total: 109 creatures vanquished

Notes
Turn   | Place    | Note
-------+----------+-------------------------------------------
     0 | D:1      | Aviak the Djinni Ice Elementalist began the quest for the
                  | Orb.
     0 | D:1      | Aviak set off with the following spells memorised: Freeze,
                  | Frozen Ramparts, Ozocubu's Armour, Hailstorm.
     0 | D:1      | Reached XP level 1. HP: 15/15 MP: 0/0
   256 | D:1      | Reached XP level 2. HP: 5/21 MP: 0/0
   815 | D:1      | Reached XP level 3. HP: 19/25 MP: 0/0
   815 | D:1      | Learned a level 1 spell: Shock
  1694 | D:2      | Reached XP level 4. HP: 28/31 MP: 0/0
  2324 | D:3      | Reached skill level 4 in Spellcasting
  2350 | D:3      | Found Gefupa's Distillery.
  2371 | D:3      | Bought a potion of heal wounds for 70 gold pieces
  2524 | D:3      | Found Opoihiavea's Weapon Emporium.
  2594 | D:3      | Reached XP level 5. HP: 33/35 MP: 0/0
  2594 | D:3      | Learned a level 2 spell: Call Imp
  2731 | D:3      | Found Ygauvupe's Weapon Emporium.
  2741 | D:3      | Reached skill level 1 in Fighting
  2741 | D:3      | Reached skill level 1 in Shields
  2854 | D:3      | Found a blossoming altar of Fedhas.
  2854 | D:3      | Found a sacrificial altar of Ru.
  3115 | D:3      | Found a shadowy altar of Dithmenos.
  3125 | D:3      | Became a worshipper of Dithmenos the Shadowed
  3235 | D:4      | Noticed an ogre
  3236 | D:4      | Noticed Ijyb
  3247 | D:4      | Killed an ogre
  3248 | D:4      | Reached XP level 6. HP: 33/42 MP: 0/0
  3249 | D:4      | Killed Ijyb
  3329 | D:4      | Found a sand-covered staircase.
  3350 | Ossuary  | Entered an ossuary
  3659 | Ossuary  | Reached * piety under Dithmenos
  3830 | Ossuary  | Gained mutation: Your muscles are strong. (Str +4, Int/Dex
                  | -1) [potion of mutation]
  3856 | Ossuary  | Reached XP level 7. HP: 12/49 MP: 0/0
  3856 | Ossuary  | Learned a level 3 spell: Summon Guardian Golem
  3865 | Ossuary  | HP: 1/49 [elf zombie (7)]
  3868 | Ossuary  | Reached skill level 5 in Spellcasting
  3870 | Ossuary  | Slain by a hobgoblin zombie

Illustrated notes

Levels and vault maps discovered:
D:1:      dpeg_arrival_houses_and_road, layout_basic, grunt_decor_junction
D:2:      layout_basic
D:3:      layout_basic, mainiacjoe_overflow_chevrons,
          gammafunk_temple_overflow_statue, serial_shops, shop, shop, shop
D:4:      layout_cave_pools, nicolae_qazlal_eye_of_the_storm, enter_ossuary_3,
          uniq_ijyb, uniq_blork_the_orc
Ossuary:  ossuary_tomb_1

Skill      XL: |  1  2  3  4  5  6  7 |
---------------+----------------------+-----
Dodging        | 3 4 |  4.0
Spellcasting   | 4 5 |  5.0
Fighting       | 1 2 |  2.3
Shields        | 1 2 |  2.4
Stealth        | |  1.5

Action                   |  1- 3 |  4- 6 |  7- 9 || total
-------------------------+-------+-------+-------++-------
Melee: Falchion          |    13 |     7 |    14 ||    34
       Dagger            |    42 |   110 |       ||   152
 Cast: Freeze            |    19 |     3 |       ||    22
       Frozen Ramparts   |     3 |     7 |       ||    10
       Ozocubu's Armour  |       |     3 |       ||     3
       Shock             |       |    33 |       ||    33
       Call Imp          |       |     2 |       ||     2
  Use: Potion            |       |     5 |     1 ||     6
       Scroll            |       |     2 |       ||     2
 Stab: Sleeping          |     4 |     2 |       ||     6
Armor: Robe              |    14 |     3 |       ||    17
       Leather armour    |       |    20 |       ||    20
Dodge: Dodged            |    52 |    61 |     4 ||   117
Block: Buckler           |       |    22 |     3 ||    25

Table legend: (Time is in decaauts)
 A = Elapsed time spent in this place.
 B = Non-inter-level travel time spent in this place.
 C = Inter-level travel time spent in this place.
 D = Time resting spent in this place.
 E = Time spent auto-exploring this place.
 F = Levels seen in this place.
 G = Mean time per level.
                   A        B        C        D        E       F      G
               +--------+--------+--------+--------+--------+-----+--------+
         Total |   3880 |   3825 |     55 |    303 |   2863 |   5 |  776.0 |
       Dungeon |   3353 |   3298 |     55 |    303 |   2508 |   4 |  838.2 |
       Ossuary |    526 |    526 |      0 |      0 |    355 |   1 |  526.0 |
               +--------+--------+--------+--------+--------+-----+--------+

Top non-repeatable levels by time:
     D:1: 1514 daAuts
     D:3: 912 daAuts
     D:2: 803 daAuts
 Ossuary: 526 daAuts
     D:4: 122 daAuts
